 Dungeon Crawl Stone Soup version 0.27-a0-720-g3f424a255b (webtiles) character file.

Game seed: 7215317384816703175

2 Ijustatesigmund the Skirmisher (level 1, -1/18 HPs)
             Began as a Demonspawn Fighter on Mar 23, 2021.
             Slain by a hobgoblin (5 damage)
             ... on level 1 of the Dungeon.
             The game lasted 00:00:20 (29 turns).

Ijustatesigmund the Skirmisher (Demonspawn Fighter)   Turns: 29, Time: 00:00:20

Health: -1/18      AC:  6    Str: 16    XL:     1   Next: 33%
Magic:  1/1        EV:  6    Int:  9    God:
Gold:   0          SH:  8    Dex: 12    Spells: 0/0 levels left

rFire    . . .     SeeInvis .   a - +0 war axe
rCold    . . .     Faith    .   c - +0 kite shield
rNeg     . . .     Spirit   .   b - +0 scale mail
rPois    .         Reflect  .   (no helmet)
rElec    .         Harm     .   (no cloak)
rCorr    .         Rampage  .   (no gloves)
Will     .....                  (no boots)
Stlth    ..........             (no amulet)
HPRegen  0.06/turn              (no ring)
MPRegen  0.07/turn              (no ring)

@: no status effects
A: no striking features
a: no special abilities


You were on level 1 of the Dungeon.
You visited 1 branch of the dungeon, and saw 1 of its levels.

Inventory:

Hand Weapons
 a - a +0 war axe (weapon)
Armour
 b - a +0 scale mail (worn)
 c - a +0 kite shield (worn)
Potions
 d - a potion of might


   Skills:
 + Level 3.0 Fighting
 * Level 1.9 Axes
 - Level 2.6 Armour
 + Level 0.1 Dodging
 - Level 2.6 Shields


You couldn't memorise any spells.
You didn't know any spells.
Your spell library was empty.

Dungeon Overview and Level Annotations

Branches:
Dungeon (1/15)

Altars:

Shops:
D:1 [


Message History

Found Readodog's Armour Shop.
Found an escape hatch in the floor.
You slash the dart slug!
You kill the dart slug!
No target in view!
No target in view!
No target in view!
No target in view!
No target in view!
No target in view!
There is an entrance to Readodog's Armour Shop here.
You can access your shopping list by pressing '$'.
A hobgoblin comes into view.
The hobgoblin shouts!
The hobgoblin hits you but does no damage.
You closely miss the hobgoblin. The hobgoblin hits you.
You block the hobgoblin's attack.
You hit the hobgoblin.
The hobgoblin is almost dead.
The hobgoblin hits you. x2
You are too injured to fight recklessly!
You are too injured to fight recklessly!
You are too injured to fight recklessly!
You are too injured to fight recklessly!
You are too injured to fight recklessly!
You are too injured to fight recklessly!
You are too injured to fight recklessly!
You are too injured to fight recklessly!
You hit the hobgoblin but do no damage.
The hobgoblin is almost dead.
The hobgoblin hits you.
* * * LOW HITPOINT WARNING * * *
You barely miss the hobgoblin.
The hobgoblin is severely wounded.
You block the hobgoblin's attack. x2
You closely miss the hobgoblin.
The hobgoblin is severely wounded.
The hobgoblin hits you.
* * * LOW HITPOINT WARNING * * *
The hobgoblin hits you.
You die...

#.##.......#
#.##......>#
#. #.∩.....#
#.####### #.#
#.# #.#
#.#######
#@.......
#....g.######
#......#
#......#
#......#
#......#
#......#
#......#


You could see a hobgoblin.

Vanquished Creatures
  A dart slug (D:1)
1 creature vanquished.

Notes
Turn   | Place    | Note
-------+----------+-------------------------------------------
     0 | D:1      | Ijustatesigmund the Demonspawn Fighter began the quest for
                  | the Orb.
     0 | D:1      | Reached XP level 1. HP: 18/18 MP: 1/1
     9 | D:1      | Found Readodog's Armour Shop.
    29 | D:1      | Slain by a hobgoblin

Illustrated notes

Levels and vault maps discovered:
D:1:      minmay_arrival_solitary_statue, layout_basic, serial_shops, shop

Action                   || total
-------------------------++-------
Melee: War axe           ||     6
Armor: Scale mail        ||     1
Block: Kite shield       ||     3

Table legend: (Time is in decaauts)
 A = Elapsed time spent in this place.
 B = Non-inter-level travel time spent in this place.
 C = Inter-level travel time spent in this place.
 D = Time resting spent in this place.
 E = Time spent auto-exploring this place.
 F = Levels seen in this place.
 G = Mean time per level.
                   A        B        C        D        E       F      G
               +--------+--------+--------+--------+--------+-----+--------+
         Total |     32 |     32 |      0 |      0 |     16 |   1 |   32.0 |
       Dungeon |     32 |     32 |      0 |      0 |     16 |   1 |   32.0 |
               +--------+--------+--------+--------+--------+-----+--------+

Top non-repeatable levels by time:
     D:1: 32 daAuts
